 Dungeon Crawl Stone Soup version 0.27.0-66-gdc8fb28755 (webtiles) character file.

Game seed: 487516905276711611

769 ZARRMARR the Grasshopper (level 7, -8/56 HPs)
             Began as a Gnoll Warper on Aug 21, 2021.
             Killed by nerve-wracking pain
             ... invoked by an orc priest
              (13 damage)
             ... on level 4 of the Dungeon.
             The game lasted 00:25:26 (5480 turns).

ZARRMARR the Grasshopper (Gnoll Warper)             Turns: 5480, Time: 00:25:26

Health: -8/56      AC:  7    Str: 10    XL:     7   Next: 82%
Magic:  15/15      EV: 14    Int: 13    God:
Gold:   84         SH:  0    Dex: 19    Spells: 15/17 levels left

rFire    . . .     SeeInvis .   o - +0 rapier
rCold    . . .     Faith    .   (no shield)
rNeg     . . .     Spirit   .   p - +3 leather armour
rPois    .         Reflect  .   (no helmet)
rElec    .         Harm     .   (no cloak)
rCorr    .         Rampage  .   m - +0 pair of gloves
Will     .....                  (no boots)
Stlth    +.........             (no amulet)
HPRegen  0.18/turn              b - +6 ring of dexterity
MPRegen  0.14/turn              (no ring)

@: confused
A: fangs 1, strong nose, distributed training
a: no special abilities


You were on level 4 of the Dungeon.
You visited 1 branch of the dungeon, and saw 5 of its levels.
You also visited: Sewer.

You collected 188 gold pieces.
You spent 104 gold pieces at shops.

Inventory:

Hand Weapons
 o - a +0 rapier (weapon)
Missiles
 c - 4 javelins (quivered)
 l - 105 stones
Armour
 m - a +0 pair of gloves (worn)
 p - a +3 leather armour (worn)
Jewellery
 b - a +6 ring of dexterity (left hand)
Scrolls
 a - 2 scrolls of teleportation
 e - a scroll of fog {unknown}
 g - a scroll of immolation
 h - a scroll of silence
 i - 5 scrolls of amnesia
 j - a scroll of enchant weapon
 k - a scroll of noise
 q - a scroll of summoning
 t - 2 scrolls of blinking
 u - a scroll of holy word
Potions
 d - 5 potions of curing
 n - a potion of cancellation
 r - a potion of brilliance
 s - 3 potions of magic
 v - a potion of flight


   Skills:
 + Level 5.4 Fighting
 + Level 5.4 Short Blades
 + Level 2.7 Long Blades
 + Level 2.7 Axes
 + Level 2.7 Maces & Flails
 + Level 2.7 Polearms
 + Level 2.7 Staves
 + Level 2.7 Slings
 + Level 2.7 Bows
 + Level 2.7 Crossbows
 + Level 3.8 Throwing
 + Level 3.8 Armour
 + Level 5.4 Dodging
 + Level 2.7 Stealth
 + Level 2.7 Shields
 + Level 2.7 Unarmed Combat
 + Level 5.7 Spellcasting
 + Level 2.2 Conjurations
 + Level 2.2 Hexes
 + Level 2.2 Summonings
 + Level 2.2 Necromancy
 + Level 5.9 Translocations
 + Level 2.2 Transmutations
 + Level 2.2 Fire Magic
 + Level 2.2 Ice Magic
 + Level 2.2 Air Magic
 + Level 2.2 Earth Magic
 + Level 2.2 Poison Magic
 + Level 3.0 Invocations
 + Level 2.7 Evocations


You had 15 spell levels left.
You knew the following spells:

 Your Spells              Type           Power      Damage    Failure   Level
a - Blink                 Tloc           N/A        N/A       3%          2

Your spell library contained the following spells:

 Spells                   Type           Power      Damage    Failure   Level
 Gell's Gravitas          Tloc           9%         N/A       6%          3
 Lesser Beckoning         Tloc           9%         N/A       6%          3
 Teleport Other           Tloc           19%        N/A       6%          3
 Animate Skeleton         Necr           18%        N/A       9%          1
 Pain                     Necr           36%        1d5       9%          1
 Sublimation of Blood     Necr           4%         N/A       14%         2
 Wereblood                Tmut           9%         N/A       14%         2
 Vampiric Draining        Necr           4%         2d6       26%         3
 Manifold Assault         Tloc           19%        N/A       50%         5
 Summon Hydra             Summ           4%         N/A       100%        7


Dungeon Overview and Level Annotations

Branches:
Dungeon (5/15)              Sewer (visited)
 Temple: D:4-7

Altars:
Uskayaw

Shops:
D:1 ?


Innate Abilities, Weirdness & Mutations

You have very sharp teeth.
Your uncanny sense of smell can sniff out nearby items.
Your experience applies equally to all skills.


Message History

You hit the orc wizard.
You bite the orc wizard, but do no damage.
The orc wizard is moderately wounded.
The orc wizard hits you with a +2 dagger of freezing.
The orc wizard freezes you. The orc priest closely misses you.
The orc barely misses you.
You hit the orc wizard.
The orc wizard is moderately wounded.
The orc wizard hits you with a +2 dagger of freezing.
The orc wizard freezes you.
The orc priest hits you but does no damage.
The orc hits you with a +0 hand axe.
You closely miss the orc wizard.
The orc wizard is moderately wounded.
The orc wizard gestures at you while chanting.
You are confused.
The orc priest invokes the aid of Beogh against you.
Pain shoots through your body! The orc hits you but does no damage.
You bump into the rock wall.
The orc wizard closely misses you. The orc priest misses you.
The orc barely misses you.
You are too confused!
You miss the orc priest.
The orc wizard mumbles some strange words.
The orc wizard flickers and vanishes!
Deactivating autopickup; reactivate with Ctrl-A.
The orc priest hits you with a +0 falchion.
The orc barely misses you.
You bump into the rock wall.
Something hits you.
* * * LOW HITPOINT WARNING * * *
Something freezes you.
* * * LOW HITPOINT WARNING * * *
The orc priest mumbles some strange prayers to Beogh against you.
Pain shoots through your body!
* * * LOW HITPOINT WARNING * * *
The orc barely misses you.
You are too confused!
You bump into the rock wall.
Something completely misses you.
The orc priest invokes the aid of Beogh against you.
Pain shoots through your body!
You die...

#.#.# ###.#.# ####...#.#
#..+...#.# ###########
#.##...#.# #.........#
#.#....#.# #.#######[#
#.#.##.#.# #.# #.#
########.#.##.#o## #.# #.#
...............o@# #.# #.#
..###.##.#..#.#{## #.# #.#
..# #.##.#..#.#.# #.# #.#
..# #.##'#..#.#.#######.#
#.# ..#
#.#...<...#.........# #.#
..# #.#.....##############
#.#
#####[#.....'............#
#.#
......#.....############.#
#.# #####'#)....# #.# #.#


You could see an orc priest and an orc.

Vanquished Creatures
  A bullfrog (D:4)
  A scorpion (D:4)
  A water moccasin skeleton (D:4)
  3 hounds
  A gnoll shaman (D:3)
  Jessica (D:3)
  2 iguanas (D:4)
  3 orc wizards
  A hound skeleton (D:4)
  13 gnolls
  3 adders
  2 river rats (Sewer)
  An adder skeleton (D:4)
  2 worms
  4 dart slugs
  14 orcs
  12 ball pythons
  7 endoplasms
  3 giant cockroaches
  4 goblins
  8 hobgoblins
  8 jackals
  5 quokkas
  7 bats
  9 frilled lizards
  4 kobolds
  17 rats
137 creatures vanquished.

Notes
Turn   | Place    | Note
-------+----------+-------------------------------------------
     0 | D:1      | ZARRMARR the Gnoll Warper began the quest for the Orb.
     0 | D:1      | Reached XP level 1. HP: 20/20 MP: 6/6
   196 | D:1      | Reached XP level 2. HP: 25/26 MP: 7/7
   286 | D:1      | Found a faded altar of an unknown god.
   334 | D:1      | Found Penoh's Magic Scroll Emporium.
  1016 | D:2      | Reached XP level 3. HP: 31/31 MP: 9/9
  1136 | D:2      | Reached skill level 5 in Spellcasting
  1243 | D:2      | Reached skill level 1 in Invocations
  1742 | D:2      | Reached skill level 1 in Long Blades
  1742 | D:2      | Reached skill level 1 in Axes
  1742 | D:2      | Reached skill level 1 in Maces & Flails
  1742 | D:2      | Reached skill level 1 in Polearms
  1742 | D:2      | Reached skill level 1 in Staves
  1742 | D:2      | Reached skill level 1 in Slings
  1742 | D:2      | Reached skill level 1 in Bows
  1742 | D:2      | Reached skill level 1 in Crossbows
  1742 | D:2      | Reached skill level 1 in Stealth
  1742 | D:2      | Reached skill level 1 in Shields
  1742 | D:2      | Reached skill level 1 in Unarmed Combat
  1742 | D:2      | Reached skill level 1 in Evocations
  1991 | D:1      | Reached XP level 4. HP: 35/38 MP: 11/11
  2254 | D:3      | Found a hide-covered altar of Uskayaw.
  2351 | D:3      | Reached skill level 1 in Conjurations
  2351 | D:3      | Reached skill level 1 in Hexes
  2351 | D:3      | Reached skill level 1 in Summonings
  2351 | D:3      | Reached skill level 1 in Necromancy
  2351 | D:3      | Reached skill level 1 in Transmutations
  2351 | D:3      | Reached skill level 1 in Fire Magic
  2351 | D:3      | Reached skill level 1 in Ice Magic
  2351 | D:3      | Reached skill level 1 in Air Magic
  2351 | D:3      | Reached skill level 1 in Earth Magic
  2351 | D:3      | Reached skill level 1 in Poison Magic
  2466 | D:3      | Reached XP level 5. HP: 32/43 MP: 12/12
  2543 | D:3      | HP: 1/43 [gnoll (3)]
  2554 | D:3      | HP: 2/43 [orc (1)]
  2758 | D:3      | Reached XP level 6. HP: 9/50 MP: 13/13
  2805 | D:3      | Found a glowing drain.
  2833 | Sewer    | Entered a sewer
  3527 | Sewer    | Learned a level 2 spell: Blink
  3655 | D:3      | Reached skill level 5 in Fighting
  3655 | D:3      | Reached skill level 5 in Short Blades
  3655 | D:3      | Reached skill level 5 in Dodging
  3683 | D:3      | Noticed Jessica
  3685 | D:3      | Killed Jessica
  4299 | D:1      | Bought a scroll of identify for 26 gold pieces
  4299 | D:1      | Bought a scroll of identify for 26 gold pieces
  4299 | D:1      | Bought a scroll of identify for 26 gold pieces
  4299 | D:1      | Bought a scroll of identify for 26 gold pieces
  4433 | D:4      | Reached XP level 7. HP: 38/56 MP: 15/15
  5468 | D:5      | Entered Level 5 of the Dungeon
  5480 | D:4      | Killed from afar by an orc priest

Illustrated notes

Levels and vault maps discovered:
D:1:      eino_arrival_cavern_e, layout_basic,
          hellmonk_ecumenical_altar_lost_god, serial_shops, shop_fountains
D:2:      layout_basic, st_stairs_1
D:3:      layout_basic, nicolae_uskayaw_dance_hall, cheibrodos_sewer_entry_bend,
          minmay_misc_feat_pillars, uniq_jessica
D:4:      layout_basic, minmay_pentomino_pile
D:5:      minmay_chambers_of_fours, layout_loops_ring,
          gammafunk_temple_overflow_elements, kennysheep_mini,
          minmay_temple_entry_large_hall, uniq_ijyb

Skill      XL: |  1  2  3  4  5  6  7 |
---------------+----------------------+-----
Spellcasting   | 5 |  5.7
Invocations    | 1 2 3 |  3.0
Long Blades    | 1 2 |  2.7
Axes           | 1 2 |  2.7
Maces & Flails | 1 2 |  2.7
Polearms       | 1 2 |  2.7
Staves         | 1 2 |  2.7
Slings         | 1 2 |  2.7
Bows           | 1 2 |  2.7
Crossbows      | 1 2 |  2.7
Stealth        | 1 2 |  2.7
Shields        | 1 2 |  2.7
Unarmed Combat | 1 2 |  2.7
Evocations     | 1 2 |  2.7
Conjurations   | 1 2 |  2.2
Hexes          | 1 2 |  2.2
Summonings     | 1 2 |  2.2
Necromancy     | 1 2 |  2.2
Transmutations | 1 2 |  2.2
Fire Magic     | 1 2 |  2.2
Ice Magic      | 1 2 |  2.2
Air Magic      | 1 2 |  2.2
Earth Magic    | 1 2 |  2.2
Poison Magic   | 1 2 |  2.2
Throwing       | 3 |  3.8
Armour         | 3 |  3.8
Fighting       | 5 |  5.4
Short Blades   | 5 |  5.4
Dodging        | 5 |  5.4
Translocations | |  5.9

Action                   |  1- 3 |  4- 6 |  7- 9 || total
-------------------------+-------+-------+-------++-------
Melee: Short sword       |    85 |       |       ||    85
       Bite              |     7 |    23 |     9 ||    39
       Rapier            |    54 |   237 |    74 ||   365
       Punch             |       |       |     1 ||     1
Throw: Boomerang         |     1 |    67 |       ||    68
       Stone             |    19 |    28 |     5 ||    52
       Javelin           |       |     1 |    25 ||    26
  Use: Potion            |       |     5 |       ||     5
       Scroll            |       |    13 |       ||    13
 Stab: Sleeping          |     1 |     8 |     8 ||    17
Armor: Leather armour    |    38 |    56 |    17 ||   111
       Skin              |       |    20 |       ||    20
Dodge: Dodged            |    84 |   148 |    47 ||   279
